 Dungeon Crawl Stone Soup version 0.23.0-3-gf3c87f2df8 (webtiles) character file.

Game seed: 13509291922686208444

170 LLavrengius the Sneak (level 5, 0/36 HPs)
             Began as an Octopode Fighter on Feb 24, 2019.
             Slain by a black bear (7 damage)
             ... on level 4 of the Dungeon.
             The game lasted 00:04:01 (1608 turns).

LLavrengius the Sneak (Octopode Fighter)            Turns: 1608, Time: 00:04:01

Health: 0/36       AC:  1    Str: 15    XL:     5   Next: 50%
Magic:  5/5        EV: 11    Int: 12    God:
Gold:   74         SH:  9    Dex: 11    Spells: 4/4 levels left

rFire    . . .     SeeInvis .   a - +0 rapier
rCold    . . .     Gourm    .   b - +1 shield
rNeg     + . .     Faith    .   (helmet restricted)
rPois    .         Spirit   .   (no amulet)
rElec    .         Reflect  .   g - ring of attention (curse)
rCorr    .         Harm     .   h - ring of positive energy
MR       .....                  n - ring of wizardry
Stlth    +++.......             (no ring)
HPRegen  0.12/turn              (no ring)
MPRegen  0.09/turn              (no ring)
                                (no ring)
                                (no ring)

@: no status effects
A: almost no armour, stealthy swim, amphibious, 8 rings, constrict 8, camouflage
1, gelatinous body 1
a: no special abilities


You were on level 4 of the Dungeon.
You were not hungry.

You visited 1 branch of the dungeon, and saw 3 of its levels.

You collected 74 gold pieces.

Inventory:

Hand Weapons
 a - a +0 rapier (weapon)
 c - a +0 trident
Armour
 b - a +1 shield (worn)
Jewellery
 g - a cursed ring of attention (left tentacle)
 h - a ring of positive energy (right tentacle)
 n - a ring of wizardry (on tentacle)
Scrolls
 k - a scroll of teleportation {unknown}
Potions
 e - 2 potions of curing
 f - a potion of haste
 i - a potion of flight
 j - a potion of degeneration {unknown}
 q - a potion of resistance {unknown}
Comestibles
 d - 2 rations


   Skills:
 + Level 3.0 Fighting
 + Level 4.1 Short Blades
 - Level 3.0 Dodging
 - Level 5.0 Stealth
 - Level 3.0 Shields


You had 4 spell levels left.
You didn't know any spells.
Your spell library was empty.

Dungeon Overview and Level Annotations

Branches:
Dungeon (2/15)

Altars:


Innate Abilities, Weirdness & Mutations

You cannot wear most types of armour.
You are very stealthy in the water. (Stealth+)
You are amphibious.
You can wear up to eight rings at the same time.
You can use your tentacles to constrict eight enemies at once.
Your skin changes colour to match your surroundings (Stealth+).
Your rubbery body absorbs attacks. (AC +1, EV +1)


Message History

The helpless black bear fails to defend itself.
You puncture the black bear! Your grab misses the black bear.
The black bear is heavily wounded.
The black bear bites you. The black bear claws you.
The black bear barely misses you.
You hit the black bear. You grab the black bear.
The black bear is severely wounded.
You constrict the black bear.
The black bear goes berserk!
The black bear barely misses you. The black bear claws you.
The black bear claws you but does no damage.
You hit the black bear but do no damage.
The black bear is severely wounded.
You constrict the black bear. The black bear bites you!
You block the black bear's attack. The black bear claws you.
* * * LOW HITPOINT WARNING * * *
You hit the black bear.
The black bear is almost dead.
You constrict the black bear. You block the black bear's attack.
The black bear claws you!
You die...

#################
#..@....##......#
#..#h..##...###.#
#..##%##..†## #.#
#...###...## #.#
##.......## #.#
##.....## #.#
##.#### #.# #.#
#.# #.# #.#


You could see a black bear (berserk).

Vanquished Creatures
  An ogre (D:4)
  A worker ant (D:4)
  An adder (D:2)
  3 worms
  2 dart slugs (D:1)
  A leopard gecko (D:1)
  2 bats (D:1)
  2 giant cockroaches (D:1)
  10 goblins
  3 hobgoblins
  A jackal (D:1)
  7 kobolds
  A quokka (D:4)
  3 frilled lizards
  5 rats
43 creatures vanquished.

Notes
Turn   | Place    | Note
-------+----------+-------------------------------------------
     0 | D:1      | LLavrengius the Octopode Fighter began the quest for the
                  | Orb.
     0 | D:1      | Reached XP level 1. HP: 16/16 MP: 1/1
    42 | D:1      | Reached skill level 1 in Stealth
    98 | D:1      | Reached XP level 2. HP: 21/21 MP: 2/2
   134 | D:1      | Reached skill level 2 in Stealth
   280 | D:1      | Reached XP level 3. HP: 21/26 MP: 3/3
   931 | D:2      | Reached skill level 3 in Stealth
  1341 | D:2      | Reached XP level 4. HP: 30/31 MP: 4/4
  1345 | D:2      | You fall through a shaft for 2 floors!
  1526 | D:4      | Noticed an ogre
  1532 | D:4      | Killed an ogre
  1532 | D:4      | Reached skill level 5 in Stealth
  1532 | D:4      | Reached XP level 5. HP: 34/36 MP: 5/5
  1604 | D:4      | Noticed a black bear
  1608 | D:4      | Slain by a black bear

Skill      XL: |  1  2  3  4 |
---------------+-------------+-----
Stealth        | 1 2 3 5 |  5.0
Short Blades   | 3 4 |  4.1
Fighting       | |  3.0
Dodging        | |  3.0
Shields        | |  3.0

Action                   |  1- 3 |  4- 6 || total
-------------------------+-------+-------++-------
Melee: Rapier            |    71 |    13 ||    84
       Constrict         |    20 |     2 ||    22
       Tentacles         |    13 |     3 ||    16
  Use: Scroll            |       |     6 ||     6
       Potion            |       |     1 ||     1
 Stab: Sleeping          |     5 |     2 ||     7
  Eat: Chunk             |     1 |     1 ||     2
Armor: Skin              |     4 |     1 ||     5
Dodge: Dodged            |    21 |     4 ||    25
Block: Shield            |    22 |     3 ||    25
